AoeStats
← 定宏法师

Black Forest

510568015Analyzed
3v3 RM · 2d ago on Oct 1, 2026· 69m 43s· 6 players
Game mode
Random Map
Map size
Normal (6 player)
Population
200
Speed
Normal
Resources
Standard
Victory
Conquest
Starting age
Dark Age
Ending age
Imperial Age
RankedLock teamsTeams togetherTeam positionsShared explorationLock speedFull tech treeHidden civsTurbo modeCheats
Victory
Defeat
🇹🇷 Britons · Türkiye
659
+15
🇹🇷 Spanish · Türkiye
585
+18
🇹🇷 Franks · Türkiye
582
+19
🇩🇪 Franks · Germany
700
-19
🇩🇪 Khmer · Germany
628
-17
🇨🇳 Bohemians · China
598
-16
定宏法师
10:59 Feudal Age
12:51 Wheelbarrow
12:25 Double-Bit Axe
21:23 Castle Age
20:14 Horse Collar
21:55 Man-at-Arms
23:32 Hand Cart
23:47 Bow Saw
23:38 Long Swordsman
25:47 Fervor
29:08 Pikeman
29:59 Fletching
30:10 Scale Mail Armor
30:22 Forging
30:18 Scale Barding Armor
30:14 Padded Archer Armor
32:11 Wagenburg Tactics
33:42 Sanctity
36:02 Imperial Age
35:15 Chemistry
34:37 Ballistics
39:40 Two-Man Saw
38:36 Onager
43:35 Elite Hussite Wagon
48:33 Caravan
49:36 Light Cavalry
55:35 Halberdier
56:44 Atonement
57:15 Illumination
57:29 Theocracy
57:47 Two-Handed Swordsman
58:44 Bodkin Arrow
59:30 Elite Skirmisher
60:38 Champion
63:14 Bracer
63:32 Leather Archer Armor
63:32 Chain Mail Armor
63:53 Iron Casting
68:41 Hussite Reforms
68:48 Hussite Reforms
internet-shop24
13:17 Feudal Age
14:36 Wheelbarrow
22:38 Castle Age
23:47 Hand Cart
28:18 Loom
28:59 Double-Bit Axe
36:22 Caravan
42:54 Imperial Age
41:42 Stone Mining
41:55 Stone Mining
43:34 Coinage
44:26 Banking
44:27 Scale Barding Armor
44:17 Gold Mining
45:30 Chain Barding Armor
45:10 Scale Mail Armor
45:47 Bow Saw
45:44 Ordonnance Companies
47:28 Plate Barding Armor
48:29 Chivalry
48:49 Conscription
49:06 Chain Mail Armor
49:01 Forging
50:19 Chemistry
49:39 Ballistics
49:28 Guard Tower
49:48 Fortified Wall
49:18 Treadmill Crane
50:39 Hoardings
51:39 Iron Casting
51:35 Plate Mail Armor
52:08 Elite Throwing Axeman
53:06 Arrowslits
53:26 Siphons
53:33 Clinker Construction
53:19 Murder Holes
53:30 Siege Engineers
53:39 Careening
53:39 Masonry
53:33 Husbandry
52:54 Cavalier
52:55 Light Cavalry
56:27 Blast Furnace
56:13 Plate Mail Armor
55:43 Padded Archer Armor
55:34 Fletching
55:13 Paladin
57:57 Town Watch
KaKa
17:10 Feudal Age
19:44 Double-Bit Axe
21:41 Wheelbarrow
25:27 Castle Age
23:36 Horse Collar
31:49 Heavy Plow
34:50 Hand Cart
35:18 Bow Saw
37:21 Murder Holes
40:42 Imperial Age
38:57 Ballistics
38:31 Fletching
38:48 Tusk Swords
38:56 Gold Mining
40:16 Padded Archer Armor
40:30 Pikeman
41:40 Masonry
42:01 Conscription
42:35 Crop Rotation
43:36 Double Crossbow
44:58 Gold Shaft Mining
45:52 Elite Skirmisher
46:49 Forging
48:57 Elite Ballista Elephant
49:59 Leather Archer Armor
51:11 Chemistry
50:22 Crossbowman
53:10 Halberdier
63:42 Iron Casting
63:03 Bodkin Arrow
63:09 Scale Mail Armor
63:15 Scale Barding Armor
63:54 Coinage
63:27 Caravan
65:58 Husbandry
65:18 Cavalier
mandiranoy
0:30 Loom
14:20 Feudal Age
28:46 Castle Age
26:55 Double-Bit Axe
33:27 Scale Barding Armor
33:35 Forging
38:09 Chain Barding Armor
38:26 Iron Casting
37:59 Husbandry
42:13 Imperial Age
43:29 Cavalier
45:05 Plate Barding Armor
45:32 Blast Furnace
44:52 Paladin
48:03 Chivalry
49:40 Ballistics
50:21 Chemistry
SmokedMyself
0:26 Loom
11:23 Feudal Age
11:58 Double-Bit Axe
14:42 Horse Collar
16:23 Gold Mining
20:24 Castle Age
22:40 Wheelbarrow
22:26 Bow Saw
22:20 Heavy Plow
22:57 Gold Shaft Mining
23:51 Stone Mining
25:35 Hand Cart
25:34 Caravan
31:38 Fletching
31:48 Padded Archer Armor
35:18 Imperial Age
35:27 Yeomen
35:20 Bodkin Arrow
35:40 Leather Archer Armor
37:06 Two-Man Saw
35:59 Elite Longbowman
38:37 Capped Ram
40:14 Bracer
40:45 Ring Archer Armor
42:05 Onager
45:29 Pikeman
46:11 Squires
46:51 Halberdier
47:59 Forging
47:50 Scale Mail Armor
50:53 Iron Casting
50:24 Scale Barding Armor
58:24 Chemistry
57:44 Ballistics
59:35 Fervor
Adags
9:34 Loom
12:45 Feudal Age
13:30 Double-Bit Axe
13:28 Horse Collar
19:22 Gold Mining
22:22 Castle Age
20:36 Stone Mining
25:28 Stone Shaft Mining
24:59 Heavy Plow
25:54 Bow Saw
30:11 Caravan
32:32 Wheelbarrow
34:10 Coinage
37:14 Imperial Age
35:03 Hand Cart
35:52 Padded Archer Armor
35:43 Fletching
35:59 Scale Barding Armor
37:02 Masonry
37:17 Ballistics
37:18 Elite Conquistador
39:31 Two-Man Saw
39:23 Banking
39:05 Guilds
39:21 Conscription
39:40 Thumb Ring
41:44 Leather Archer Armor
41:24 Bodkin Arrow
41:50 Chain Barding Armor
42:01 Town Watch
43:09 Ring Archer Armor
43:22 Supremacy
44:53 Plate Barding Armor
44:19 Bracer
44:24 Husbandry
44:36 Bloodlines
46:34 Chemistry
46:06 Architecture
45:47 Fortified Wall
46:08 Redemption
46:36 Illumination
46:29 Block Printing
46:54 Theocracy
46:48 Sanctity
50:59 Redemption
Connection lost

Rejoining the realm…

Still unreachable

The connection could not be restored.

Session expired

The server has moved on; the page needs a fresh start.